 Dungeon Crawl Stone Soup version 0.27-a0-1083-gcf8293e1eb (webtiles) character file.

Game seed: 1590958718156886771

2 EnegeticOcto the Sneak (level 1, 0/20 HPs)
             Began as a Deep Dwarf Delver on Apr 26, 2021.
             Slain by an orc
             ... wielding a +0 dagger
              (2 damage)
             ... on level 4 of the Dungeon.
             The game lasted 00:00:19 (36 turns).

EnegeticOcto the Sneak (Deep Dwarf Delver)            Turns: 36, Time: 00:00:19

Health: 0/20       AC:  3    Str: 15    XL:     1   Next: 25%
Magic:  1/1        EV: 12    Int: 10    God:
Gold:   0          SH:  0    Dex: 14    Spells: 0/0 levels left

rFire    . . .     SeeInvis .   a - +0 hand axe
rCold    . . .     Faith    .   (no shield)
rNeg     . . .     Spirit   .   b - +0 leather armour
rPois    .         Reflect  .   (no helmet)
rElec    .         Harm     .   (no cloak)
rCorr    .         Rampage  .   (no gloves)
Will     .....                  (no boots)
Stlth    +++.......             (no amulet)
HPRegen  0.00/turn              (no ring)
MPRegen  0.07/turn              (no ring)

@: non-regenerating
A: damage resistance, heal wounds, sense surroundings 1, no regeneration
a: Heal Wounds


You were on level 4 of the Dungeon.
You visited 1 branch of the dungeon, and saw 2 of its levels.

Inventory:

Hand Weapons
 a - a +0 hand axe (weapon)
Armour
 b - a +0 leather armour (worn)
 i - a scarf of shadows
   (You found it on level 5 of the Dungeon)
Wands
 g - a wand of digging (3) {@v3}
Scrolls
 c - a scroll of fog {!r}
 d - a scroll of magic mapping {@r5 !r}
 e - a scroll of fear {!r}
 h - a scroll of identify {unknown}
Potions
 f - a potion of haste {@q4 !q}


   Skills:
 - Level 2.6 Fighting
 + Level 2.4 Axes
 - Level 2.1 Dodging
 - Level 6.0 Stealth


You couldn't memorise any spells.
You didn't know any spells.
Your spell library was empty.

Dungeon Overview and Level Annotations

Branches:
Dungeon (5/15)
 Temple: D:4-7

Altars:


Innate Abilities, Weirdness & Mutations

You are resistant to damage.
You can heal yourself by infusing magical energy.
You passively map a small area around you.
You do not regenerate.


Message History

Welcome, EnegeticOcto the Deep Dwarf Delver.
It is said that the Orb of Zot exists deep within this dungeon.
Press ? for a list of commands and other information.
Found a scroll labelled ZAITAWNIODD.
Found a stone staircase leading down.
h - a scroll labelled ZAITAWNIODD
Found a stone staircase leading up.
Found a glowing scarf.
You see here a scarf of shadows.
i - a scarf of shadows A scorpion comes into view.
Found 11 bolts.
There is a stone staircase leading up here.
You climb upwards.
The orc shouts! 3 orcs and an orc wizard come into view.
The orc shouts! x2; You hear a shout!
The orc wizard shouts!
Found 8 gold pieces.
There is a stone staircase leading down here.
You hit the orc wizard.
The orc wizard is heavily wounded.
You barely miss the orc. You closely miss the orc.
The orc wizard points at you and mumbles some strange words.
The puff of flame hits you. The orc barely misses you.
The orc hits you with a +0 flail!
You closely miss the orc wizard.
The orc wizard is heavily wounded.
You hit the orc. You hit the orc but do no damage. You hit the orc.
The orc hits you but does no damage.
The orc wizard hits you but does no damage.
The orc closely misses you. x2
You feel much better. The orc barely misses you.
The orc hits you with a +0 flail!
The orc wizard hits you with a +0 dagger.
A kobold comes into view. It is wielding a +0 whip.
The orc hits you but does no damage.
You hit the orc wizard.
The orc wizard is almost dead.
You hit the orc. You barely miss the orc. You hit the orc.
You kill the orc!
The orc hits you with a +0 dagger.
The orc wizard casts a spell at itself.
The orc wizard flickers and vanishes!
Deactivating autopickup; reactivate with Ctrl-A.
The orc hits you with a +0 flail!
* * * LOW HITPOINT WARNING * * *
You fail to use your ability.
The orc misses you. The orc hits you with a +0 dagger.
You die...

* , , * , ,,
, * * , , ,
** , * , . *
....###+####
..K...{@o..#
,
.$....o.o..#
#..........#
#..........#
*
############
*


You could see 3 orcs and a kobold.

Vanquished Creatures
  An orc (D:4)
1 creature vanquished.

Notes
Turn   | Place    | Note
-------+----------+-------------------------------------------
     0 | D:5      | EnegeticOcto the Deep Dwarf Delver began the quest for the
                  | Orb.
     0 | D:5      | Reached XP level 1. HP: 20/20 MP: 1/1
    23 | D:5      | Noticed a scorpion
    31 | D:4      | Noticed an orc wizard
    36 | D:4      | Slain by an orc

Illustrated notes

Levels and vault maps discovered:
D:4:      layout_basic, temple_green, serial_shops, shop,
          ebering_dispersal_statue_hall
D:5:      layout_cave_pools, serial_bayou_pond_a, minmay_misc_feat_chi

Action                   || total
-------------------------++-------
Melee: Hand axe          ||     3
 Abil: Heal Wounds       ||     1
Armor: Leather armour    ||     3
Dodge: Dodged            ||     5

Table legend: (Time is in decaauts)
 A = Elapsed time spent in this place.
 B = Non-inter-level travel time spent in this place.
 C = Inter-level travel time spent in this place.
 D = Time resting spent in this place.
 E = Time spent auto-exploring this place.
 F = Levels seen in this place.
 G = Mean time per level.
                   A        B        C        D        E       F      G
               +--------+--------+--------+--------+--------+-----+--------+
         Total |     36 |     36 |      0 |      0 |      0 |   2 |   18.0 |
       Dungeon |     36 |     36 |      0 |      0 |      0 |   2 |   18.0 |
               +--------+--------+--------+--------+--------+-----+--------+

Top non-repeatable levels by time:
     D:5: 31 daAuts
     D:4: 5 daAuts
